 Dungeon Crawl Stone Soup version 0.30.1-9-gdf580d7c3d (webtiles) character file.

Game seed: 17392617641306949523

14 lonewolfV2 the Trooper (level 2, -1/28 HPs)
             Began as a Naga Fighter on Oct 22, 2023.
             Frozen to death by an endoplasm (3 damage)
             ... on level 3 of the Dungeon.
             The game lasted 00:03:36 (441 turns).

lonewolfV2 the Trooper (Naga Fighter)                Turns: 441, Time: 00:03:36

Health: -1/28      AC:  5    Str: 18    XL:     2   Next: 45%
Magic:  2/2        EV:  7    Int:  8    God:
Gold:   21         SH:  4    Dex: 10    Spells: 1/1 levels left

rFire   . . .        a - +0 war axe
rCold   . . .        c - +0 buckler
rNeg    . . .        b - +0 scale mail
rPois   +            (no helmet)
rElec   .            (no cloak)
rCorr   .            f - +0 pair of gloves
SInv    +            (no barding)
Will    .....        (no amulet) Stlth
                     (no ring)
HPRegen 0.24/turn    (no ring)
MPRegen 0.08/turn

%: no passive effects
@: very slow
A: AC +0, large, see invisible, deformed body, poison resistance, slowness 2,
spit poison 1, naga tail 1
a: Spit Poison


You were on level 3 of the Dungeon.
You visited 1 branch of the dungeon, and saw 3 of its levels.

You collected 21 gold pieces.

Inventory:

Hand Weapons
 a - a +0 war axe (weapon)
Armour
 b - a +0 scale mail (worn)
 c - a +0 buckler (worn)
 f - a +0 pair of gloves (worn)
Scrolls
 g - a scroll of brand weapon {unknown}
 h - a scroll of magic mapping {unknown}
 i - a scroll of enchant weapon {unknown}
Potions
 d - a potion of might
 e - 2 potions of curing {unknown}


   Skills:
 + Level 3.2 Fighting
 - Level 2.0 Axes
 + Level 2.6 Armour
 + Level 3.0 Shields


You had one spell level left.
You didn't know any spells.
Your spell library was empty.

Dungeon Overview and Level Annotations

Branches:
Dungeon (3/15)

Altars:


Innate Abilities, Weirdness & Mutations

Your serpentine skin is tough. (AC +0)
You have supernaturally acute eyesight. (SInv)
Armour fits poorly on your strangely shaped body.
Your system is resistant to poisons. (rPois)
You cover ground very slowly.
You can spit poison.
You have a snake-like lower body.


Message History

You are frozen.
The endoplasm freezes you.
You are frozen.
The endoplasm hits you but does no damage.
The endoplasm barely misses you. The endoplasm closely misses you.
You block the endoplasm's attack.
The endoplasm hits you but does no damage.
The endoplasm hits you but does no damage.
The endoplasm hits you but does no damage.
The endoplasm hits you but does no damage.
You block the endoplasm's attack.
The endoplasm hits you but does no damage.
The endoplasm barely misses you. You block the endoplasm's attack.
The endoplasm freezes you.
You are frozen.
The endoplasm hits you but does no damage.
The endoplasm barely misses you. The endoplasm freezes you.
You are frozen.
* * * LOW HITPOINT WARNING * * *
The endoplasm freezes you.
You are frozen.
* * * LOW HITPOINT WARNING * * *
You block the endoplasm's attack. The endoplasm completely misses you.
You block the endoplasm's attack. The endoplasm hits you.
* * * LOW HITPOINT WARNING * * *
The endoplasm hits you.
* * * LOW HITPOINT WARNING * * *
The endoplasm hits you.
* * * LOW HITPOINT WARNING * * *
The endoplasm hits you.
* * * LOW HITPOINT WARNING * * *
The endoplasm closely misses you. The endoplasm freezes you.
You are frozen.
You die...

## #. # #. .
##.### #. .....
#.##.#.# ###.#...#
+.......# #+#
####.J@..# ##.##
##.##.#.###
##...###...###...#
#.....#.....####.#
+..<..'..8..'....#
#.....#.....##.###
##...###...###.#
##.## ##.## ###
### ###


You could see an endoplasm.

Vanquished Creatures
  2 ball pythons (D:1)
  An endoplasm (D:1)
  3 hobgoblins
  2 kobolds (D:1)
  A quokka (D:1)
  2 bats
  A frilled lizard (D:1)
  A rat (D:1)
13 creatures vanquished.

Notes
Turn   | Place    | Note
-------+----------+-------------------------------------------
     0 | D:1      | lonewolfV2 the Naga Fighter began the quest for the Orb.
     0 | D:1      | Reached XP level 1. HP: 21/21 MP: 1/1
    69 | D:1      | Found a faded altar of an unknown god.
   264 | D:1      | Reached XP level 2. HP: 28/28 MP: 2/2
   439 | D:3      | HP: 1/28 [endoplasm (2)]
   441 | D:3      | Frozen to death by an endoplasm

Illustrated notes

Levels and vault maps discovered:
D:1:      lightli_arrival_statuegarden, layout_rooms,
          ebering_ecumenical_altar_hall
D:2:      layout_loops_ring
D:3:      layout_loops_corners, nicolae_hexahallways, uniq_natasha

Skill      XL: |  1  2 |
---------------+-------+-----
Shields        | 3 |  3.0
Fighting       | |  3.2
Axes           | |  2.0
Armour         | |  2.6

Action                     || total
---------------------------++-------
  Melee: War axe           ||    34
 Armour: Scale mail        ||    93
  Dodge: Dodged            ||    57
  Block: Buckler           ||    40
